 Dungeon Crawl Stone Soup version 0.28.0-43-g3370ac3207 (webtiles) character file.

Game seed: 1104615332370888258

9324 Vidar99 the Cleaver (level 11, -11/101 HPs)
             Began as a Hill Orc Fighter on Mar 11, 2022.
             Was a Priest of Qazlal.
             Mangled by a troll simulacrum (20 damage)
             ... in an ice cave on Mar 12, 2022.
             The game lasted 01:27:44 (11127 turns).

Vidar99 the Cleaver (Hill Orc Fighter)             Turns: 11127, Time: 01:27:45

Health: -11/101    AC: 22    Str: 24    XL:     11   Next: 44%
Magic:  17/17      EV:  7    Int: 14    God:    Qazlal [***...]
Gold:   613        SH:  4    Dex: 10    Spells: 10/10 levels left

rFire   . . .      SeeInvis .   J - +1 battleaxe
rCold   . . .      Faith    .   (shield currently unavailable)
rNeg    . . .      Spirit   .   a - +0 plate armour
rPois   .          Reflect  .   (no helmet)
rElec   .          Harm     .   y - scarf {repulsion}
rCorr   .          Rampage  .   g - +0 pair of gloves
Will    .....                   e - +1 pair of boots
Stlth   ..........              q - amulet of regeneration
HPRegen 1.06/turn               n - +6 ring of intelligence
MPRegen 0.15/turn               C - +4 ring of protection

@: repel missiles
A: no striking features
a: Renounce Religion, Upheaval, Elemental Force


You were in an ice cave.
You worshipped Qazlal.
Qazlal was most pleased with you.
You visited 3 branches of the dungeon, and saw 11 of its levels.
You also visited: Ossuary and Ice Cave.

You collected 643 gold pieces.
You spent 30 gold pieces at shops.

Inventory:

Hand Weapons
 F - a +2 morningstar
 J - a +1 battleaxe (weapon)
Missiles
 b - 20 poisoned darts (quivered)
 d - 6 atropa-tipped darts
 t - 2 curare-tipped darts
Armour
 a - a +0 plate armour (worn)
 c - a scarf of invisibility
 e - a +1 pair of boots (worn)
 g - a +0 pair of gloves (worn)
 y - a scarf of repulsion (worn)
Jewellery
 n - a +6 ring of intelligence (left hand)
 q - an amulet of regeneration (around neck)
 C - a +4 ring of protection (right hand)
 E - an amulet of the acrobat
Wands
 r - a wand of iceblast (9)
 x - a wand of mindburst (7)
 B - a wand of paralysis (3)
Scrolls
 h - a scroll of enchant armour {unknown}
 j - 5 scrolls of teleportation
 l - 3 scrolls of magic mapping
 m - a scroll of holy word
 v - a scroll of fog
 H - 3 scrolls of amnesia
Potions
 f - 4 potions of haste
 i - 3 potions of heal wounds
 k - 2 potions of invisibility {unknown}
 o - 2 potions of ambrosia {unknown}
 p - a potion of resistance {unknown}
 s - 2 potions of brilliance {unknown}
 u - 3 potions of mutation {unknown}
 w - 2 potions of berserk rage {unknown}
 z - 5 potions of flight
 A - 3 potions of curing
 D - a potion of attraction {unknown}
 I - a potion of lignification {unknown}


   Skills:
 + Level 10.9 Fighting
 + Level 12.2(12.8) Axes
 - Level 4.9(8.3) Maces & Flails
 + Level 10.0 Armour
 - Level 5.8 Shields
 - Level 8.0 Invocations


You had 10 spell levels left.
You didn't know any spells.
Your spell library contained the following spells:

 Spells                   Type           Power      Damage    Failure   Level
 Summon Small Mammal      Summ           0%         N/A       97%         1
 Call Canine Familiar     Summ           0%         N/A       100%        3
 Summon Guardian Golem    Hex/Summ       0%         N/A       100%        3


Dungeon Overview and Level Annotations

Branches:
Dungeon (9/15)             Temple (1/1) D:4            Lair (1/6) D:9
    Orc (0/2) D:9         Ossuary (visited)           IceCv (1/1)

Altars:
Ashenzari
Cheibriados
Dithmenos
Elyvilon
Fedhas
Gozag
Hepliaklqana
Kikubaaqudgha
Makhleb
Nemelex Xobeh
Okawaru
Qazlal
Ru
Sif Muna
Trog
Uskayaw
Vehumet
Wu Jian
Xom
Yredelemnul
Zin
The Shining One

Shops:
D:2 !


Message History

The troll simulacrum claws you but does no damage.
The troll simulacrum closely misses you.
You hit the troll simulacrum.
The troll simulacrum is almost destroyed.
You barely miss the spriggan simulacrum.
An ice devil comes into view.
The spriggan simulacrum hits you but does no damage.
The troll simulacrum barely misses you. The troll simulacrum claws you.
The troll simulacrum freezes you!
The troll simulacrum claws you but does no damage.
You closely miss the spriggan simulacrum.
The spriggan simulacrum is almost destroyed.
You hit the troll simulacrum.
Unknown command.
You hit the spriggan simulacrum.
The spriggan simulacrum is almost destroyed.
You completely miss the troll simulacrum.
The troll simulacrum bites you. The troll simulacrum freezes you!
* * * LOW HITPOINT WARNING * * *
The troll simulacrum claws you.
* * * LOW HITPOINT WARNING * * *
The troll simulacrum freezes you!
* * * LOW HITPOINT WARNING * * *
The troll simulacrum barely misses you.
The spriggan simulacrum hits you but does no damage.
You feel much better.
The troll simulacrum bites you but does no damage.
You block the troll simulacrum's attack.
The troll simulacrum claws you.
* * * LOW HITPOINT WARNING * * *
The troll simulacrum freezes you!
* * * LOW HITPOINT WARNING * * *
The spriggan simulacrum hits you but does no damage.
As you read the scroll of fog, it crumbles to dust.
The scroll dissolves into smoke.
The spriggan simulacrum hits you but does no damage.
The troll simulacrum bites you!
* * * LOW HITPOINT WARNING * * *
The troll simulacrum freezes you!!
You die...

#### . ##..##
..# ###....##
....##§.§....#
......Z§§§∩..#
...4..Z@§§...#
..##..##§§..##
## ##§.## ####


You could see an ice devil, a spriggan simulacrum and a troll simulacrum.

Vanquished Creatures
  Erolcha (D:9)
  An elephant (D:9)
  Joseph (D:7)
  2 rime drakes (Lair:1)
  Prince Ribbit (D:7)
  2 wyverns (D:8)
  A wraith (D:9)
  A basilisk (D:9)
  11 yaks
  An acid dragon (D:9)
  A water moccasin (D:9)
  A black bear (D:8)
  5 orc warriors
  6 necrophages
  An ogre (D:5)
  A centaur (D:9)
  3 elf zombies
  3 phantoms (D:5)
  2 kobold brigands
  5 bullfrogs
  An elf skeleton (D:4)
  A scorpion (D:7)
  A wyvern zombie (D:7)
  A water moccasin zombie (D:7)
  A water moccasin skeleton (D:5)
  9 killer bees
  10 wights
  A howler monkey (D:6)
  8 centaur zombies
  A human zombie (D:4)
  2 jellies
  2 hounds
  Crazy Yiuf (D:2)
  9 orc priests
  3 centaur skeletons
  2 human skeletons (D:4)
  6 iguanas
  9 orc wizards
  Terence (D:2)
  A killer bee zombie (D:7)
  2 hound zombies (Ossuary)
  4 mummies
  2 howler monkey zombies
  A howler monkey skeleton (D:7)
  9 adders
  A shadow imp (D:5)
  An ufetubus (D:4)
  5 adder zombies (Ossuary)
  A worm (D:2)
  6 dart slugs
  32 orcs
  6 bats
  6 endoplasms
  3 giant cockroaches
  11 hobgoblins
  2 quokkas
  8 ball pythons
  5 frilled lizards
  2 gnoll zombies (Ossuary)
  4 goblins
  3 goblin zombies (Ossuary)
  A hobgoblin zombie (Ossuary)
  4 jackal zombies (Ossuary)
  20 kobolds
  3 kobold zombies (Ossuary)
  3 orc skeletons (D:4)
  4 orc zombies
  4 quokka zombies (Ossuary)
  9 rats
  4 rat zombies (Ossuary)
286 creatures vanquished.

Vanquished Creatures (others)
  An orc wizard (D:5)
  6 demonic plants (D:3)
  5 plants
  4 toadstools (D:1)
  3 withered plants (D:3)
19 creatures vanquished.

Grand Total: 305 creatures vanquished

Notes
Turn   | Place    | Note
-------+----------+-------------------------------------------
     0 | D:1      | Vidar99 the Hill Orc Fighter began the quest for the Orb.
     0 | D:1      | Reached XP level 1. HP: 19/19 MP: 1/1
    68 | D:1      | Reached XP level 2. HP: 24/27 MP: 2/2
   102 | D:1      | Reached skill level 3 in Axes
   306 | D:1      | Reached XP level 3. HP: 23/33 MP: 3/3
   979 | D:2      | Noticed Terence
  1048 | D:2      | Killed Terence
  1049 | D:2      | Reached XP level 4. HP: 25/40 MP: 4/4
  1102 | D:2      | Reached skill level 4 in Axes
  1445 | D:2      | Found Weqikew's Distillery.
  1455 | D:2      | Bought a potion of curing for 30 gold pieces
  1526 | D:2      | Found a runed translucent door.
  1527 | D:2      | Noticed Crazy Yiuf
  1910 | D:2      | Killed Crazy Yiuf
  1911 | D:2      | Reached XP level 5. HP: 28/47 MP: 5/5
  2065 | D:3      | Found a faded altar of an unknown god.
  2389 | D:3      | Noticed a necrophage
  2406 | D:3      | Killed a necrophage
  2407 | D:3      | Reached skill level 5 in Axes
  2407 | D:3      | Reached XP level 6. HP: 23/53 MP: 6/6
  3373 | D:4      | Found a blossoming altar of Fedhas.
  3437 | D:4      | Reached skill level 5 in Fighting
  3589 | D:4      | Reached skill level 6 in Axes
  3595 | D:4      | Found a sand-covered staircase.
  3608 | D:4      | Reached XP level 7. HP: 41/61 MP: 7/7
  3614 | Ossuary  | Entered an ossuary
  3796 | Ossuary  | Reached skill level 5 in Shields
  3816 | Ossuary  | Reached skill level 5 in Armour
  3858 | Ossuary  | Reached skill level 7 in Axes
  4036 | Ossuary  | Reached XP level 8. HP: 70/70 MP: 8/8
  4230 | D:4      | Reached skill level 8 in Axes
  4279 | D:4      | Found a staircase to the Ecumenical Temple.
  4289 | Temple   | Entered the Ecumenical Temple
  4395 | Temple   | Became a worshipper of Qazlal Stormbringer
  5773 | D:5      | Entered Level 5 of the Dungeon
  6087 | D:5      | Reached skill level 9 in Axes
  6169 | D:5      | Reached * piety under Qazlal
  6365 | D:5      | Reached XP level 9. HP: 19/79 MP: 9/9
  6667 | D:5      | Reached skill level 10 in Axes
  7807 | D:7      | Reached skill level 11 in Axes
  7909 | D:7      | Noticed Joseph
  7929 | D:7      | Killed Joseph
  7930 | D:7      | Reached skill level 1 in Maces & Flails
  8139 | D:7      | Reached ** piety under Qazlal
  8645 | D:7      | Noticed Prince Ribbit
  8656 | D:7      | Killed Prince Ribbit
  8657 | D:7      | Reached XP level 10. HP: 83/90 MP: 12/12
  8777 | D:7      | Reached skill level 5 in Invocations
  9183 | D:8      | Identified the +2 robe of the Sacrificial Victim {Slay+5}
  9210 | D:9      | Found a staircase to the Lair.
  9210 | D:9      | Noticed an elephant
  9906 | D:8      | Reached *** piety under Qazlal
 10113 | D:9      | Reached skill level 10 in Fighting
 10134 | D:9      | Killed an elephant
 10139 | D:9      | Reached XP level 11. HP: 96/99 MP: 14/16
 10466 | D:9      | Noticed Erolcha
 10518 | D:9      | Killed Erolcha
 10595 | D:9      | Found a staircase to the Orcish Mines.
 11011 | Lair:1   | Entered Level 1 of the Lair of Beasts
 11081 | Lair:1   | Reached skill level 12 in Axes
 11099 | Lair:1   | Reached skill level 10 in Armour
 11110 | Lair:1   | Found a frozen archway.
 11116 | IceCv    | Entered an ice cave
 11127 | IceCv    | Mangled by a troll simulacrum

Illustrated notes

Levels and vault maps discovered:
D:1:      ldierk_walled_garden_2, layout_loops_cross
D:2:      layout_basic, serial_shops, shop, uniq_terence,
          uniq_crazy_yiuf_cottage
D:3:      cheibrodos_thug_alley, layout_loops_corners,
          shapermc_ecumenical_altar_gd
D:4:      minmay_inner_zag, layout_cave_pods, fedhas_altar_1,
          minmay_temple_entry_hall, nicolae_ossuary_entry_catacombs
D:5:      minmay_diamond_boxcup, layout_basic, minmay_misc_feat_rugged
D:6:      layout_cave_pools, nicolae_zen_rock_garden
D:7:      layout_basic, serial_undead, serial_undead_b, serial_undead_d,
          serial_undead_e, serial_undead_a, serial_undead_c, serial_undead_e,
          serial_undead_d, serial_undead_a, uniq_prince_ribbit1, uniq_joseph
D:8:      layout_basic
D:9:      layout_basic, david_lair_generic, david_orc_2, uniq_erolcha
Temple:   nicolae_temple_the_god_donut
Lair:1:   kb_forest_paths, layout_regular_city, portal_ice_cave_rime
IceCv:    ice_cave_tombish

Skill      XL: |  1  2  3  4  5  6  7  8  9 10 11 |
---------------+----------------------------------+-----
Axes           | 3 4 5 6 7 9 11 12 | 12.2
Fighting       | 4 5 7 8 10 | 10.9
Armour         | 4 5 6 7 9 10 | 10.0
Shields        | 4 5 |  5.8
Maces & Flails | 3 4 |  4.9
Invocations    | 3 6 8 |  8.0

Action                   |  1- 3 |  4- 6 |  7- 9 | 10-12 || total
-------------------------+-------+-------+-------+-------++-------
Melee: War axe           |    80 |   194 |   444 |       ||   718
       Morningstar       |       |       |    63 |   138 ||   201
       Battleaxe         |       |       |       |   177 ||   177
Throw: Dart              |     3 |       |       |       ||     3
  Use: Potion            |       |     1 |     1 |     3 ||     5
       Scroll            |       |     2 |    13 |     4 ||    19
Armor: Scale mail        |    35 |       |       |       ||    35
       Chain mail        |       |   118 |   302 |   114 ||   534
       Plate armour      |       |       |       |   117 ||   117
Dodge: Dodged            |    35 |    78 |   148 |   106 ||   367
       Repelled          |       |       |     1 |     3 ||     4
Block: Buckler           |    19 |    49 |   127 |    41 ||   236
       Other             |       |       |       |    39 ||    39
